[Event "ICC tourney 3050 (40 10)"]
[Site "Internet Chess Club"]
[Date "2022.11.05"]
[Round "3"]
[White "Belous, Vladimir:Openyagami"]
[Black "LIANG, YU-CHENG:Yucheng"]
[Result "1/2-1/2"]
[ICCResult "Game drawn by repetition"]
[WhiteElo "2575"]
[BlackElo "2063"]
[Opening "English opening"]
[ECO "A22"]
[NIC "EO.10"]
[Time "15:31:31"]
[PlyCount "156"]
[TimeControl "2400+10"]

1. c4 Nf6 2. Nc3 e5 3. e3 d5 4. cxd5 Nxd5 5. Qh5 Nc6 6. Bb5 Qd6 7. Nf3 Nxc3
8. bxc3 e4 9. Ng5 g6 10. Qh4 f5 11. f3 Be7 12. Qh6 Bf8 13. Qh4 Be7 14. Qf4
Qxf4 15. exf4 h6 16. Nh3 exf3 17. gxf3 Bd7 18. Rg1 g5 19. d4 O-O-O 20. Be3
Rde8 21. Kd2 Bd6 22. Rae1 Ne7 23. Bc4 g4 24. Nf2 h5 25. Nd3 Bc6 26. fxg4
hxg4 27. Re2 Bf3 28. Rf2 Bd5 29. Bb3 Bxb3 30. axb3 Nd5 31. Rg3 Nf6 32. Rgg2
Ne4+ 33. Kd1 Nxc3+ 34. Kc2 Rxe3 35. Kxc3 Rhh3 36. Rd2 Bxf4 37. Kc4 Bd6 38.
Nc5 c6 39. Nd3 b5+ 40. Kc3 a5 41. Kc2 Re8 42. Rdf2 Ree3 43. Rd2 a4 44. bxa4
bxa4 45. Kc3 Bb4+ 46. Kxb4 Rxd3 47. Kxa4 Rxd2 48. Rxd2 f4 49. Rg2 g3 50.
hxg3 fxg3 51. Kb4 Kd7 52. Kc4 Kd6 53. Rg1 Ke6 54. Kc5 Kf5 55. Kxc6 Kf4 56.
d5 Kf3 57. d6 Kf2 58. d7 Rh8 59. Rh1 Rxh1 60. d8=Q g2 61. Qf6+ Ke2 62. Qe5+
Kf2 63. Qf4+ Ke2 64. Qg4+ Kf2 65. Qf5+ Ke2 66. Qc2+ Kf3 67. Qd3+ Kf2 68.
Qd2+ Kf3 69. Qd5+ Kf2 70. Qf5+ Ke2 71. Qg4+ Kf2 72. Qf4+ Ke2 73. Qe4+ Kf2
74. Qc2+ Kf3 75. Qc3+ Kf2 76. Qd2+ Kf3 77. Qd5+ Kf2 78. Qf5+ Ke2
{Game drawn by repetition}
1/2-1/2

[Event "ICC tourney 3050 (40 10)"]
[Site "Internet Chess Club"]
[Date "2022.11.05"]
[Round "4"]
[White "QUIRKE, JEFFREY L:PawnEatingZombi"]
[Black "COHEN, THEODORE:tcohen"]
[Result "1-0"]
[ICCResult "Black checkmated"]
[WhiteElo "2040"]
[BlackElo "1006"]
[Opening "QGD: exchange, positional line, 5...c6"]
[ECO "D35"]
[NIC "QO.16"]
[Time "17:45:36"]
[PlyCount "89"]
[TimeControl "2400+10"]

1. d4 d5 2. c4 e6 3. Nc3 Nf6 4. cxd5 exd5 5. Bg5 c6 6. e3 Be7 7. Bd3 Be6 8.
Nf3 Nbd7 9. O-O O-O 10. Qc2 g6 11. Rab1 Ng4 12. Bf4 b6 13. b4 Rb8 14. Bxb8
Qxb8 15. h3 Ngf6 16. a3 Qd6 17. Rfc1 Nb8 18. Ne5 Nfd7 19. f4 Nxe5 20. dxe5
Qc7 21. Nb5 Qd7 22. Nd4 c5 23. bxc5 Bxc5 24. Bb5 Qc8 25. a4 Na6 26. Qe2 Nb4
27. Rxb4 Bxb4 28. Rxc8 Rxc8 29. Nxe6 fxe6 30. Bd7 Rc1+ 31. Kh2 Re1 32. Qg4
Rxe3 33. Qxe6+ Kg7 34. Qf6+ Kh6 35. g4 Re2+ 36. Kg1 Bc5+ 37. Kf1 Rf2+ 38.
Ke1 Rf3 39. Qg5+ Kg7 40. f5 Re3+ 41. Kd2 d4 42. f6+ Kf7 43. e6+ Kf8 44. Qh6+
Kg8 45. Qg7# {Black checkmated} 1-0

[Event "ICC tourney 3050 (40 10)"]
[Site "Internet Chess Club"]
[Date "2022.11.05"]
[Round "4"]
[White "QI, JENNY:eevee11"]
[Black "MARKOVIC, GORAN:Goran21"]
[Result "1-0"]
[ICCResult "Black checkmated"]
[WhiteElo "1548"]
[BlackElo "1955"]
[Opening "Sicilian: Najdorf"]
[ECO "B90"]
[NIC "SI.14"]
[Time "17:45:36"]
[PlyCount "95"]
[TimeControl "2400+10"]

1. e4 c5 2. Nf3 d6 3. d4 cxd4 4. Nxd4 Nf6 5. Nc3 a6 6. f3 e5 7. Nb3 Be7 8.
Be3 O-O 9. Qd2 Be6 10. O-O-O Qc7 11. g4 Nbd7 12. g5 Nh5 13. Kb1 b5 14. Ne2
a5 15. Ng3 Nf4 16. h4 a4 17. Nc1 b4 18. Nd3 Nxd3 19. Bxd3 b3 20. cxb3 axb3
21. a3 Nc5 22. h5 Nxd3 23. Qxd3 Rfc8 24. Rc1 Bc4 25. Qd2 Qb7 26. g6 Qb5 27.
gxf7+ Bxf7 28. Nf5 Bf8 29. Nxd6 Bxd6 30. Qxd6 Rd8 31. Qc5 Qd3+ 32. Ka1 Be6
33. Qxe5 Ra6 34. Qc3 Qe2 35. Bc5 Rda8 36. Rce1 Qb5 37. Rhg1 Qb7 38. Bd4 g6
39. hxg6 h5 40. Rh1 Qb5 41. Bc5 Bc4 42. Rxh5 Rxg6 43. Qh8+ Kf7 44. Qxa8 Ra6
45. Qf8+ Kg6 46. Qf5+ Kg7 47. Rg1+ Rg6 48. Rxg6# {Black checkmated} 1-0

[Event "ICC tourney 3050 (40 10)"]
[Site "Internet Chess Club"]
[Date "2022.11.05"]
[Round "4"]
[White "Volkov, Sergey:Volkov"]
[Black "Belous, Vladimir:Openyagami"]
[Result "0-1"]
[ICCResult "White forfeits on time"]
[WhiteElo "2531"]
[BlackElo "2575"]
[Opening "Grünfeld: Russian, Byrne (Simagin) variation"]
[ECO "D97"]
[NIC "GI.10"]
[Time "17:45:53"]
[PlyCount "66"]
[TimeControl "2400+10"]

1. d4 Nf6 2. c4 g6 3. Nc3 d5 4. Nf3 Bg7 5. Qb3 dxc4 6. Qxc4 O-O 7. e4 Nc6 8.
Be3 Ng4 9. e5 Be6 10. Qa4 Bd7 11. Qd1 Nxe3 12. fxe3 Bh6 13. Qd2 Kh8 14. d5
Nb8 15. O-O-O c6 16. Bc4 b5 17. dxc6 Qb6 18. Kb1 Nxc6 19. Qxd7 bxc4 20. Nd5
Qc5 21. Qh3 Bg7 22. Ng5 h6 23. e6 Rab8 24. Nxf7+ Kh7 25. Rd2 c3 26. Ng5+ Kg8
27. Ne4 Rxb2+ 28. Rxb2 Qxd5 29. Nxc3 Bxc3 30. Rc2 Rb8+ 31. Kc1 Qb5 32. Rxc3
Qb1+ 33. Kd2 Rb2+ {White forfeits on time} 0-1

[Event "ICC tourney 3050 (40 10)"]
[Site "Internet Chess Club"]
[Date "2022.11.05"]
[Round "4"]
[White "NATHAN, NITISH SG:K06-15494283"]
[Black "REDDY, SATVIK:chesslead"]
[Result "0-1"]
[ICCResult "White resigns"]
[WhiteElo "1947"]
[BlackElo "2320"]
[Opening "Queen's pawn, Mason variation"]
[ECO "D00"]
[NIC "QP.08"]
[Time "17:45:59"]
[PlyCount "130"]
[TimeControl "2400+10"]

1. d4 d5 2. Bf4 Nf6 3. e3 e6 4. Nd2 c5 5. c3 Nc6 6. Ngf3 Bd6 7. Bg3 O-O 8.
Bd3 b6 9. O-O Bb7 10. Ne5 Qc7 11. f4 Ne7 12. Qb1 Ng6 13. h3 Rfc8 14. a4 a5
15. Kh1 Ba6 16. Bxa6 Rxa6 17. Nxg6 hxg6 18. Qd3 Raa8 19. Qe2 cxd4 20. exd4
Nh5 21. Qf3 Nxg3+ 22. Qxg3 Rab8 23. Rac1 b5 24. axb5 Rxb5 25. b3 Rbb8 26.
Qe3 Qd8 27. c4 Qh4 28. c5 Bc7 29. Rc3 Rb4 30. Rd3 a4 31. bxa4 Rxa4 32. Rb3
Rca8 33. Rb7 R4a7 34. Rb3 Ra1 35. Rbb1 R8a3 36. Nb3 Rxb1 37. Rxb1 Qxf4 38.
Qxf4 Bxf4 39. Kg1 Kf8 40. Kf2 Ke7 41. g3 Bc7 42. Rb2 Kd7 43. g4 g5 44. Kg2
Kc6 45. Kf2 e5 46. dxe5 Bxe5 47. Re2 Rxb3 48. Rxe5 f6 49. Re7 Rb7 50. Re1
Kxc5 51. Rc1+ Kd6 52. Ke3 Ke5 53. Re1 Rb3+ 54. Kd2+ Kd4 55. Ra1 Rxh3 56. Ra5
Rh2+ 57. Kd1 Ke4 58. Ke1 d4 59. Kf1 d3 60. Ra4+ Ke3 61. Ra3 Rc2 62. Ra1 Rc3
63. Ke1 Rc2 64. Kf1 Rf2+ 65. Kg1 d2 {White resigns} 0-1

[Event "ICC tourney 3050 (40 10)"]
[Site "Internet Chess Club"]
[Date "2022.11.05"]
[Round "4"]
[White "SANTOS LATASA, JAIME:jsl1996"]
[Black "AZAROV, SERGEI:Sergeiaza"]
[Result "1-0"]
[ICCResult "Black resigns"]
[WhiteElo "2715"]
[BlackElo "2612"]
[Opening "Ruy Lopez: closed, Flohr-Zaitsev system (Lenzerheide variation)"]
[ECO "C92"]
[NIC "RL.26"]
[Time "17:45:29"]
[PlyCount "83"]
[TimeControl "2400+10"]

1. e4 e5 2. Nf3 Nc6 3. Bb5 a6 4. Ba4 Nf6 5. O-O Be7 6. Re1 b5 7. Bb3 d6 8.
c3 O-O 9. h3 Bb7 10. d4 Re8 11. a3 h6 12. Ba2 Bf8 13. d5 Ne7 14. b3 Nd7 15.
c4 f5 16. exf5 Nxf5 17. Nc3 bxc4 18. bxc4 Nc5 19. Bb1 Bc8 20. Ne4 Nxe4 21.
Bxe4 Rb8 22. Bd2 Qf6 23. Rb1 Ra8 24. Ba5 Qf7 25. Qd3 g6 26. g4 Bg7 27. Qd2
Kh8 28. Kh1 Rg8 29. gxf5 gxf5 30. Bc2 Qh5 31. Nh2 Bd7 32. Bxc7 Rac8 33. Bxd6
Rxc4 34. Qe2 Qh4 35. Bxe5 Bb5 36. Bxg7+ Rxg7 37. Rxb5 axb5 38. Qe8+ Rg8 39.
Qe5+ Rg7 40. Qxf5 Qd8 41. Re6 Kg8 42. Ng4 {Black resigns} 1-0

[Event "ICC tourney 3050 (40 10)"]
[Site "Internet Chess Club"]
[Date "2022.11.05"]
[Round "4"]
[White "VALE CRUZ, ARMIN:trucker"]
[Black "DINESH, ABINAV:abi2009"]
[Result "0-1"]
[ICCResult "White resigns"]
[WhiteElo "1736"]
[BlackElo "1688"]
[Opening "Ruy Lopez: Berlin defense, 4.O-O, d6"]
[ECO "C66"]
[NIC "RL.07"]
[Time "17:45:33"]
[PlyCount "54"]
[TimeControl "2400+10"]

1. e4 e5 2. Nf3 Nc6 3. Bb5 Nf6 4. O-O d6 5. d4 exd4 6. e5 dxe5 7. Bxc6+ bxc6
8. Nxe5 Qd5 9. Re1 Be6 10. c4 dxc3 11. Qa4 cxb2 12. Bxb2 Qb5 13. Qc2 Bd6 14.
Na3 Qc5 15. Qa4 O-O 16. Nd3 Qh5 17. Be5 Bd7 18. Nc2 c5 19. Qf4 Qf5 20. Bxd6
cxd6 21. Qxd6 Bb5 22. Re3 Rad8 23. Qxc5 Bxd3 24. Re5 Qf4 25. Ne1 Ng4 26. Rh5
Bg6 27. Rh4 Qf6 {White resigns} 0-1

[Event "ICC tourney 3050 (40 10)"]
[Site "Internet Chess Club"]
[Date "2022.11.05"]
[Round "4"]
[White "SHEEHAN, ETHAN THOMAS:Chessking2008"]
[Black "LIANG, YU-CHENG:Yucheng"]
[Result "1/2-1/2"]
[ICCResult "Game drawn by mutual agreement"]
[WhiteElo "2262"]
[BlackElo "2063"]
[Opening "Nimzo-Indian: classical, Pirc variation"]
[ECO "E39"]
[NIC "NI.21"]
[Time "17:48:31"]
[PlyCount "66"]
[TimeControl "2400+10"]

1. d4 Nf6 2. c4 e6 3. Nc3 Bb4 4. Qc2 c5 5. dxc5 O-O 6. a3 Bxc5 7. Nf3 b6 8.
e4 Bb7 9. Bd3 h6 10. O-O Be7 11. e5 Ne8 12. Be4 Nc6 13. Rd1 d6 14. exd6 Bxd6
15. b4 Qe7 16. Qe2 Nf6 17. Bc2 Rfd8 18. Bb2 Rd7 19. Ne4 Nxe4 20. Qxe4 f5 21.
Qe3 Re8 22. Rd2 Bc7 23. Rxd7 Qxd7 24. Rd1 Qe7 25. h3 a5 26. b5 Nb8 27. Ne5
Qg5 28. Qxg5 hxg5 29. g4 fxg4 30. hxg4 Rd8 31. Rxd8+ Bxd8 32. Bg6 Bc8 33.
Bd4 Bf6 {Game drawn by mutual agreement} 1/2-1/2

[Event "ICC tourney 3050 (40 10)"]
[Site "Internet Chess Club"]
[Date "2022.11.05"]
[Round "4"]
[White "Feng, Jay:TheDeadlyPawn"]
[Black "FEE, KENNETH E:BirchRun"]
[Result "1-0"]
[ICCResult "Black checkmated"]
[WhiteElo "1689"]
[BlackElo "1811"]
[Opening "Caro-Kann: exchange variation"]
[ECO "B13"]
[NIC "CK.02"]
[Time "17:45:29"]
[PlyCount "109"]
[TimeControl "2400+10"]

1. e4 c6 2. d4 d5 3. exd5 cxd5 4. Bd3 Nc6 5. c3 g6 6. Nf3 Bg7 7. O-O Nf6 8.
Bf4 O-O 9. Re1 Bf5 10. Bxf5 gxf5 11. Ne5 e6 12. Nd2 Nxe5 13. Bxe5 Ng4 14.
Bxg7 Kxg7 15. h3 Nf6 16. Nf3 Rg8 17. Ne5 Qf8 18. Qd2 Kh8 19. Kh2 Qg7 20. Rg1
Ne4 21. Qf4 f6 22. Nd3 Rae8 23. Rae1 Re7 24. f3 Ng3 25. Qh4 e5 26. dxe5 fxe5
27. Nf4 Rd7 28. Nh5 Nxh5 29. Qxh5 Rf7 30. Rd1 Rd8 31. Rge1 Rg8 32. Re2 d4
33. cxd4 exd4 34. Qh4 Rd7 35. Qf4 Re7 36. Red2 d3 37. g3 Re2+ 38. Rxe2 dxe2
39. Re1 Re8 40. Qxf5 Qxb2 41. Qa5 a6 42. Kg2 Qe5 43. Qd2 Rg8 44. f4 Qe4+ 45.
Kf2 Qg6 46. g4 Qh6 47. Kg3 Re8 48. Rxe2 Rxe2 49. Qxe2 Qc6 50. Qe5+ Kg8 51.
Qg5+ Kh8 52. Qd8+ Kg7 53. Qe7+ Kh8 54. g5 b5 55. Qf8# {Black checkmated} 1-0

[Event "ICC tourney 3050 (40 10)"]
[Site "Internet Chess Club"]
[Date "2022.11.05"]
[Round "5"]
[White "COHEN, THEODORE:tcohen"]
[Black "NATHAN, NITISH SG:K06-15494283"]
[Result "0-1"]
[ICCResult "White resigns"]
[WhiteElo "1006"]
[BlackElo "1947"]
[Opening "Queen's bishop game"]
[ECO "D00"]
[NIC "QP.08"]
[Time "20:00:25"]
[PlyCount "32"]
[TimeControl "2400+10"]

1. d4 d5 2. Bf4 Nf6 3. Nf3 e6 4. e3 c5 5. c3 Nc6 6. Bd3 Bd6 7. Ne5 Bxe5 8.
dxe5 Nd7 9. e4 dxe4 10. Bxe4 Ndxe5 11. O-O Qxd1 12. Rxd1 O-O 13. Rd6 Nc4 14.
Rd3 Nxb2 15. Nd2 Nxd3 16. Bxd3 e5 {White resigns} 0-1

[Event "ICC tourney 3050 (40 10)"]
[Site "Internet Chess Club"]
[Date "2022.11.05"]
[Round "5"]
[White "FEE, KENNETH E:BirchRun"]
[Black "MARKOVIC, GORAN:Goran21"]
[Result "1-0"]
[ICCResult "Black resigns"]
[WhiteElo "1811"]
[BlackElo "1955"]
[Opening "Queen's pawn: London system"]
[ECO "A45"]
[NIC "QP.07"]
[Time "20:00:05"]
[PlyCount "49"]
[TimeControl "2400+10"]

1. d4 Nf6 2. Bf4 g6 3. Nc3 d5 4. e3 Bg7 5. h4 h5 6. Nf3 Bg4 7. Qd2 Bxf3 8.
gxf3 c6 9. O-O-O Nbd7 10. e4 dxe4 11. fxe4 Nb6 12. f3 O-O 13. Bh6 Nfd7 14.
Bxg7 Kxg7 15. f4 Nf6 16. Be2 e6 17. Rhg1 Kh7 18. f5 exf5 19. exf5 Nbd5 20.
fxg6+ fxg6 21. Qg5 Rg8 22. Bd3 Ng4 23. Qxh5+ Nh6 24. Bxg6+ Kg7 25. Bd3+
{Black resigns}
1-0

[Event "ICC tourney 3050 (40 10)"]
[Site "Internet Chess Club"]
[Date "2022.11.05"]
[Round "5"]
[White "Belous, Vladimir:Openyagami"]
[Black "SANTOS LATASA, JAIME:jsl1996"]
[Result "0-1"]
[ICCResult "White resigns"]
[WhiteElo "2575"]
[BlackElo "2715"]
[Opening "English: Neo-Catalan declined"]
[ECO "A14"]
[NIC "RE.11"]
[Time "20:00:11"]
[PlyCount "78"]
[TimeControl "2400+10"]

1. c4 e6 2. Nf3 d5 3. g3 Nf6 4. Bg2 Be7 5. O-O O-O 6. Qc2 b6 7. d4 dxc4 8.
Ne5 Qxd4 9. Bxa8 Qxe5 10. Bg2 Nd5 11. Qxc4 Ba6 12. Qe4 Qxe4 13. Bxe4 Bxe2
14. Re1 Bc4 15. Nd2 Bb4 16. a3 Bxd2 17. Bxd2 Bb3 18. Rac1 c5 19. a4 a5 20.
Bc2 Bxc2 21. Rxc2 Nc6 22. Bc3 h5 23. h4 Rd8 24. Rd2 Rd6 25. f3 f6 26. g4 Kf7
27. Kh2 Rd8 28. Kg3 e5 29. gxh5 Nce7 30. Kg4 Rh8 31. Red1 Ne3+ 32. Kh3 Nxd1
33. Rxd1 Ke6 34. Kg4 Nd5 35. Bd2 f5+ 36. Kg5 Nf6 37. Kg6 Rd8 38. Kxg7 Rg8+
39. Kh6 Kf7 {White resigns} 0-1

[Event "ICC tourney 3050 (40 10)"]
[Site "Internet Chess Club"]
[Date "2022.11.05"]
[Round "5"]
[White "QI, JENNY:eevee11"]
[Black "VALE CRUZ, ARMIN:trucker"]
[Result "1-0"]
[ICCResult "Black resigns"]
[WhiteElo "1548"]
[BlackElo "1736"]
[Opening "Ruy Lopez: classical defense, Benelux variation"]
[ECO "C65"]
[NIC "RL.07"]
[Time "20:00:07"]
[PlyCount "93"]
[TimeControl "2400+10"]

1. e4 e5 2. Nf3 Nc6 3. Bb5 Nf6 4. O-O Bc5 5. c3 O-O 6. d4 Bb6 7. dxe5 Nxe4
8. Nbd2 d5 9. Nxe4 dxe4 10. Bxc6 bxc6 11. Ng5 Bf5 12. Qe2 e3 13. Bxe3 Bd3
14. Qh5 h6 15. Bxb6 cxb6 16. Rfd1 Qxg5 17. Qxg5 hxg5 18. Rxd3 Rfe8 19. Re1
Rad8 20. Rxd8 Rxd8 21. Kf1 Kf8 22. Ke2 Rd5 23. Kf3 Ke7 24. Re2 Ke6 25. Kg4
a5 26. Kxg5 Rxe5+ 27. Rxe5+ Kxe5 28. f4+ Ke4 29. f5 b5 30. f6 g6 31. Kh6 Kf5
32. Kg7 Ke6 33. g4 c5 34. h4 c4 35. h5 gxh5 36. gxh5 b4 37. h6 a4 38. cxb4
a3 39. bxa3 c3 40. h7 c2 41. h8=Q c1=Q 42. Qe8+ Kf5 43. Qd7+ Ke5 44. Qe7+
Kf5 45. Qc5+ Qxc5 46. bxc5 Ke6 47. c6 {Black resigns} 1-0

[Event "ICC tourney 3050 (40 10)"]
[Site "Internet Chess Club"]
[Date "2022.11.05"]
[Round "5"]
[White "LIU, KELSEY:SilverDuck"]
[Black "SHEEHAN, ETHAN THOMAS:Chessking2008"]
[Result "0-1"]
[ICCResult "White resigns"]
[WhiteElo "1851"]
[BlackElo "2262"]
[Opening "Sicilian"]
[ECO "B50"]
[NIC "SI.01"]
[Time "20:01:40"]
[PlyCount "48"]
[TimeControl "2400+10"]

1. e4 c5 2. Nf3 d6 3. Nc3 Nf6 4. e5 dxe5 5. Nxe5 Nbd7 6. d4 e6 7. Bf4 cxd4
8. Qxd4 Bc5 9. Qd2 Nxe5 10. Qxd8+ Kxd8 11. Bxe5 Bxf2+ 12. Ke2 Bc5 13. Rd1+
Ke7 14. Nb5 Bd7 15. Nd6 Bc6 16. Nc4 Rhd8 17. a3 Rxd1 18. Kxd1 Ng4 19. Bg3
Rd8+ 20. Ke1 Ne3 21. Nxe3 Bxe3 22. Be5 Rd2 23. Bd3 Bxg2 24. Rg1 Bf3
{White resigns}
0-1

[Event "ICC tourney 3050 (40 10)"]
[Site "Internet Chess Club"]
[Date "2022.11.05"]
[Round "5"]
[White "REDDY, SATVIK:chesslead"]
[Black "AZAROV, SERGEI:Sergeiaza"]
[Result "1/2-1/2"]
[ICCResult "Game drawn because neither player has mating material"]
[WhiteElo "2320"]
[BlackElo "2612"]
[Opening "Giuoco Piano"]
[ECO "C54"]
[NIC "IG.02"]
[Time "20:00:30"]
[PlyCount "137"]
[TimeControl "2400+10"]

1. e4 e5 2. Nf3 Nc6 3. Bc4 Bc5 4. c3 Nf6 5. d3 a5 6. O-O d6 7. Nbd2 O-O 8.
h3 h6 9. Re1 Be6 10. Bb5 Nd7 11. Nf1 f5 12. exf5 Bxf5 13. Ng3 Qf6 14. Nxf5
Qxf5 15. Bc4+ Kh8 16. Bb3 Bb6 17. Bc2 d5 18. d4 e4 19. Be3 Ne7 20. Nh2 Nf6
21. Ng4 c6 22. f3 Bc7 23. fxe4 Nxe4 24. Ne5 Ng6 25. Rf1 Qxf1+ 26. Qxf1 Rxf1+
27. Rxf1 Nxe5 28. dxe5 Bxe5 29. Rf7 Nd6 30. Rd7 Nc4 31. Bd4 Bxd4+ 32. cxd4
Rb8 33. b3 Ne3 34. Bd3 Kg8 35. Kf2 Nd1+ 36. Ke1 Nc3 37. a4 Ne4 38. Bxe4 dxe4
39. Ke2 b5 40. Ke3 bxa4 41. bxa4 Rb4 42. Rd6 Rxa4 43. Rxc6 Ra2 44. g4 Ra3+
45. Kxe4 Rxh3 46. Ra6 Rg3 47. Kf4 Ra3 48. Ke5 Kf7 49. Ra7+ Kg6 50. Kf4 a4
51. d5 Ra1 52. d6 Kf6 53. d7 Ke7 54. Kf5 a3 55. Kg6 a2 56. Kxg7 h5 57. g5 h4
58. Ra3 h3 59. Rd3 Kd8 60. Rd2 Rg1 61. Rxa2 Rxg5+ 62. Kh6 Rg2 63. Ra1 h2 64.
Rh1 Kxd7 65. Kh5 Ke6 66. Kh4 Kf5 67. Kh3 Rd2 68. Rxh2 Rxh2+ 69. Kxh2
{Game drawn because neither player has mating material}
1/2-1/2